[Event "November 21 Late 2023"]
[Site "https://www.chess.com"]
[Date "2023.11.21"]
[Round "4"]
[White "Mendez Machado, Andre"]
[Black "Burke, Paul"]
[Result "1/2-1/2"]
[Board "159"]
[TimeControl "180+1"]
[WhiteFideId "6603793"]
[BlackFideId "2605767"]
[WhiteElo "1950"]
[BlackElo "1846"]
[WhiteTeam "PAN"]
[BlackTeam "CAN"]
[WhiteClock "0:00:09"]
[BlackClock "0:00:11"]

1. e4 e5 2. Nf3 Nc6 3. Bc4 Be7 4. d4 exd4 5. c3 d6 6. Qb3 Na5 7. Bxf7+ Kf8 8. Qa4 Kxf7 9. Qxa5 Nf6 10. Ng5+ Kg8 11. O-O h6 12. Nf3 Kh7 13. cxd4 Rf8 14. Nc3 c6 15. Qxd8 Rxd8 16. e5 Nd5 17. Nxd5 cxd5 18. Bf4 dxe5 19. Nxe5 Bf5 20. Rac1 Rdc8 21. Nf7 Bf6 22. Rxc8 Rxc8 23. Nd6 Bxd4 24. Nxc8 Bxc8 25. b3 Be6 26. Re1 Bg8 27. Be3 Bc3 28. Rc1 d4 29. Bf4 Bf7 30. Be5 Bg6 31. f3 Bd2 32. Rd1 Be3+ 33. Kf1 Bc2 34. Rxd4 Bxd4 35. Bxd4 a6 36. Ke2 Bb1 37. a3 Ba2 38. b4 Bc4+ 39. Ke3 Bd5 40. Kf4 Bc6 41. Ke5 g6 42. Kd6 Kg8 43. Ke7 Kh7 44. h4 Bd5 45. Be3 Bc6 46. Kf6 Bd5 47. a4 Bc6 48. a5 Bd5 49. Ke5 Bc6 50. Kd6 Bb5 51. Kc5 Bc6 52. Kb6 Bd5 53. b5 axb5 54. Kxb5 Bc6+ 55. Kb6 Bd5 56. Kc7 h5 57. Bg5 Kg7 58. Bd8 Kf7 59. Kd6 Bc4 60. Kc7 Ba6 61. Kd6 Kg7 62. Bg5 Kf7 63. g3 Bc4 64. f4 Bd3 65. Kc7 Be4 66. Kd6 Bf3 67. Bd8 Be4 68. Bb6 Bf3 69. Bf2 Be4 70. Ke5 Bf3 71. f5 gxf5 72. Kxf5 Bg4+ 73. Ke5 Bf3 74. Kd6 Kf6 75. Be3 Kf5 76. Bf4 Kg4 77. Kc5 Bg2 78. Kd4 Bf3 79. Ke3 Bg2 80. Kf2 Bc6 81. Ke3 Bh1 82. Bc7 Bg2 83. Kd4 Bh1 84. Kc5 Bg2 85. Kb6 Bh1 86. Ka7 Bg2 87. Kb6 Bh1 88. Kc5 Bg2 89. Bd6 Bh1 90. Kb4 Bg2 91. a6 bxa6 92. Ka5 Bf1 93. Bb8 Be2 94. Bf4 Bf1 95. Bb8 Be2 96. Bf4 Bf1 97. Bb8 1/2-1/2

[Event "November 21 Late 2023"]
[Site "https://www.chess.com"]
[Date "2023.11.21"]
[Round "5"]
[White "Nakamura, Hikaru"]
[Black "Tactrics"]
[Result "1-0"]
[Board "1"]
[TimeControl "180+1"]
[WhiteFideId "2016192"]
[WhiteElo "2874"]
[BlackElo "2909"]
[WhiteTeam "USA"]
[WhiteClock "0:00:21"]
[BlackClock "0:00:03"]

1. h4 d5 2. d4 c6 3. Bf4 Bf5 4. e3 h5 5. c4 e6 6. Nc3 Nd7 7. Qb3 Qb6 8. c5 Qxb3 9. axb3 a6 10. b4 Rc8 11. Nf3 Be7 12. Nd2 Bd8 13. e4 Bg6 14. Bd6 Bc7 15. e5 Nh6 16. Nb3 Nf5 17. Kd2 f6 18. Bd3 fxe5 19. Bxc7 Rxc7 20. b5 O-O 21. bxc6 bxc6 22. Bxf5 Bxf5 23. Rxa6 Rb8 24. Ra3 exd4 25. Nxd4 Nxc5 26. b3 Rb4 27. Nce2 Ne4+ 28. Ke1 c5 29. Nxf5 exf5 30. f3 Nf6 31. Kf2 Rcb7 32. Rc1 Nd7 33. Rd1 d4 34. Nc1 Kf7 35. Re1 Kf6 36. Ra6+ R4b6 37. Ra8 Rb8 38. Ra7 R6b7 39. Ra6+ Rb6 40. Ra5 R8b7 41. Kg3 Re6 42. Rd1 Re3 43. Ra6+ Re6 44. Ra5 Re3 45. Nd3 Rxb3 46. Nf4 Nb6 47. Rxc5 Rec3 48. Nxh5+ Kg6 49. Nf4+ Kf6 50. Ra5 Ra3 51. Rb5 Rab3 52. Rxb6+ Rxb6 53. Nd5+ Ke5 54. Nxb6 f4+ 55. Kg4 Rc2 56. Nd7+ Kd5 57. Kxf4 Rxg2 58. Ne5 Rh2 59. Kg3 Re2 60. Ng6 Kc4 61. Rc1+ Kb3 62. Nf4 Rd2 63. Rc7 Rd1 64. Kf2 d3 65. Rxg7 d2 66. Ke2 Rh1 67. Kxd2 Rxh4 68. Ne2 Rh7 69. Rxh7 1-0

[Event "November 21 Late 2023"]
[Site "https://www.chess.com"]
[Date "2023.11.21"]
[Round "5"]
[White "Theodorou, Nikolas"]
[Black "Kamsky, Gata"]
[Result "1/2-1/2"]
[Board "2"]
[TimeControl "180+1"]
[WhiteFideId "4262875"]
[BlackFideId "2000024"]
[WhiteElo "2525"]
[BlackElo "2660"]
[WhiteTeam "GRE"]
[BlackTeam "USA"]
[WhiteClock "0:00:45"]
[BlackClock "0:00:37"]

1. Nf3 Nf6 2. b3 g6 3. Bb2 Bg7 4. g3 O-O 5. Bg2 d5 6. c4 c6 7. O-O Bg4 8. d3 Bxf3 9. Bxf3 e6 10. Bg2 a5 11. Nc3 Nbd7 12. e3 Qb8 13. Ne2 Rd8 14. Rc1 Ne8 15. Bxg7 Kxg7 16. Qd2 Nef6 17. h3 Qd6 18. Rfd1 h5 19. Qb2 Kg8 20. a3 Qe5 21. Qb1 Qd6 22. Qb2 Qe5 23. d4 Qd6 24. Nc3 Rab8 25. h4 Qe7 26. Re1 b5 27. cxb5 cxb5 28. Ne2 b4 29. a4 Rdc8 30. Nf4 Qf8 31. Nd3 Qd8 32. Bf3 Rxc1 33. Rxc1 Rc8 34. Kg2 Ne8 35. Rc2 Rxc2 36. Qxc2 Qc7 37. Qd1 Nef6 38. Nf4 Kg7 39. g4 hxg4 40. Bxg4 Qc3 41. h5 gxh5 42. Bxh5 Kf8 43. Bf3 Ke7 44. Nd3 Qc8 45. Kf1 Qc3 46. Kg2 Qc8 47. Kf1 Qc3 48. Kg2 1/2-1/2

[Event "November 21 Late 2023"]
[Site "https://www.chess.com"]
[Date "2023.11.21"]
[Round "5"]
[White "Shimanov, Aleksandr"]
[Black "Esipenko, Andrey"]
[Result "0-1"]
[Board "3"]
[TimeControl "180+1"]
[WhiteFideId "4198603"]
[BlackFideId "24175439"]
[WhiteElo "2611"]
[BlackElo "2615"]
[WhiteTeam "RUS"]
[BlackTeam "FID"]
[WhiteClock "0:00:01"]
[BlackClock "0:00:03"]

1. e4 e5 2. Nf3 Nc6 3. Nc3 Nf6 4. h3 Bb4 5. Nd5 Nxd5 6. exd5 Nd4 7. Nh2 Be7 8. c3 Nf5 9. Bd3 Nh4 10. O-O O-O 11. Bc2 f5 12. d4 d6 13. f4 e4 14. Rf2 c6 15. Bb3 Kh8 16. Nf1 Bf6 17. Ne3 Ng6 18. Bd2 Bh4 19. Rf1 Bg3 20. Nc2 Qh4 21. Qc1 Bd7 22. Be3 Rac8 23. Qd2 cxd5 24. Bxd5 Bb5 25. a4 Bxf1 26. Rxf1 Ne7 27. Be6 Rcd8 28. d5 b6 29. Na3 h6 30. Nb5 Kh7 31. Nxa7 g5 32. Nb5 Ng6 33. fxg5 f4 34. Bxb6 e3 35. Qd3 Bf2+ 36. Kh1 f3 37. gxf3 Rxf3 38. Kh2 Qg3+ 39. Kh1 Qh4 40. Kg2 Rdf8 41. Qe2 Rg3+ 42. Kh2 Rxh3+ 43. Kg2 Qg3# 0-1

[Event "November 21 Late 2023"]
[Site "https://www.chess.com"]
[Date "2023.11.21"]
[Round "5"]
[White "Sjugirov, Sanan"]
[Black "Xiong, Jeffery"]
[Result "0-1"]
[Board "4"]
[TimeControl "180+1"]
[WhiteFideId "4189302"]
[BlackFideId "2047640"]
[WhiteElo "2569"]
[BlackElo "2726"]
[WhiteTeam "HUN"]
[BlackTeam "USA"]
[WhiteClock "0:00:00"]
[BlackClock "0:00:13"]

1. d4 d5 2. c4 e6 3. Nf3 Nf6 4. g3 Be7 5. Bg2 O-O 6. O-O Nbd7 7. Qc2 c6 8. Bf4 b6 9. Nbd2 Bb7 10. Rfd1 h6 11. h4 Nh5 12. e3 Rc8 13. Rac1 Nhf6 14. Qa4 a6 15. Ne5 Nxe5 16. Bxe5 Nd7 17. cxd5 Nxe5 18. dxe5 cxd5 19. Nb3 b5 20. Qd4 Rc4 21. Qd2 Qb8 22. f4 Rfc8 23. Bf1 Ba8 24. Nd4 Qc7 25. Rb1 Bc5 26. Bxc4 dxc4 27. Kh2 Qb7 28. Qf2 Qe4 29. Rbc1 Bd5 30. Rd2 Bb6 31. a3 a5 32. Rdd1 b4 33. axb4 axb4 34. Rd2 Ra8 35. Re2 Ra2 36. Rce1 Bc5 37. Rf1 Qd3 38. Rd2 Qg6 39. f5 exf5 40. Nxf5 Be6 41. Nd4 Bd5 42. e6 Bxe6 43. Nxe6 Qxe6 44. Qf5 Qxf5 45. Rxf5 c3 46. Rg2 cxb2 47. Rf1 Ra1 48. Rgg1 Rxf1 49. Rxf1 Bxe3 50. Rb1 Bc1 51. Kg2 f5 52. Kf3 Kf7 53. Ke2 Ke6 54. Kd3 Kd5 0-1

[Event "November 21 Late 2023"]
[Site "https://www.chess.com"]
[Date "2023.11.21"]
[Round "5"]
[White "Matlakov, Maxim"]
[Black "Pakleza, Zbigniew"]
[Result "1-0"]
[Board "5"]
[TimeControl "180+1"]
[WhiteFideId "4168003"]
[BlackFideId "1119290"]
[WhiteElo "2638"]
[BlackElo "2410"]
[WhiteTeam "RUS"]
[BlackTeam "POL"]
[WhiteClock "0:00:03"]
[BlackClock "0:00:05"]

1. d4 d6 2. e4 Nf6 3. Nc3 c6 4. Nf3 Bg4 5. Be2 e6 6. h3 Bh5 7. O-O Be7 8. Be3 d5 9. e5 Nfd7 10. Nb1 c5 11. c3 Nc6 12. Nbd2 O-O 13. a3 Rc8 14. b4 cxd4 15. cxd4 Bg6 16. Rc1 a5 17. b5 Ncb8 18. Qa4 b6 19. Qb3 f6 20. exf6 Bxf6 21. a4 Qe7 22. Bd3 Bxd3 23. Qxd3 Qb4 24. Ra1 Rc3 25. Qe2 Rfc8 26. Rfb1 Qe7 27. Bf4 Nf8 28. Re1 Nbd7 29. Bg3 Rc2 30. Qd1 Qb4 31. Nf1 R2c3 32. Ne3 Qb3 33. Qe2 h6 34. Ng4 Qc4 35. Qd2 Rc2 36. Qf4 Ng6 37. Qd6 Ndf8 38. Nxf6+ gxf6 39. Qxb6 Qb3 40. Qxa5 R8c3 41. Qd8 Rxf3 42. gxf3 Qxf3 43. Rxe6 Nf4 44. Qxf8+ Kxf8 45. Rxf6+ Kg7 46. Rxf4 Qe2 47. b6 Rb2 48. a5 Qd3 49. Rg4+ Kh7 50. Re1 Rb1 51. Rxb1 Qxb1+ 52. Kh2 Qb5 53. Rh4 Qxa5 54. b7 Qb5 55. b8=Q Qxb8 56. Bxb8 1-0

[Event "November 21 Late 2023"]
[Site "https://www.chess.com"]
[Date "2023.11.21"]
[Round "5"]
[White "Carlsen, Magnus"]
[Black "Kovalev, Vladislav"]
[Result "1-0"]
[Board "6"]
[TimeControl "180+1"]
[WhiteFideId "1503014"]
[BlackFideId "13504398"]
[WhiteElo "2887"]
[BlackElo "2539"]
[WhiteTeam "NOR"]
[BlackTeam "FID"]
[WhiteClock "0:02:16"]
[BlackClock "0:00:42"]

1. g3 d5 2. Nf3 Nf6 3. Bg2 c6 4. O-O Bf5 5. c4 e6 6. Qb3 Qb6 7. Nc3 Be7 8. d3 Nbd7 9. Be3 Qxb3 10. axb3 O-O 11. Bxa7 Nc5 12. Nd4 Bg6 13. b4 e5 14. Nxc6 bxc6 15. Bxc5 Bxc5 16. bxc5 dxc4 17. dxc4 Rab8 18. Bxc6 Rxb2 19. Bb5 Rc8 20. c6 h5 21. Rfd1 h4 22. Na4 Rc2 23. Nb6 Rc7 24. Nd5 Nxd5 25. cxd5 1-0

[Event "November 21 Late 2023"]
[Site "https://www.chess.com"]
[Date "2023.11.21"]
[Round "5"]
[White "Le, Quang Liem"]
[Black "Remizov, Yaroslav"]
[Result "1-0"]
[Board "7"]
[TimeControl "180+1"]
[WhiteFideId "12401137"]
[BlackFideId "34134015"]
[WhiteElo "2665"]
[BlackElo "2420"]
[WhiteTeam "VIE"]
[BlackTeam "RUS"]
[WhiteClock "0:01:14"]
[BlackClock "0:00:00"]

1. Nf3 d5 2. e3 Nf6 3. c4 e6 4. Nc3 b6 5. cxd5 exd5 6. g3 Nbd7 7. Bg2 c6 8. O-O Qc7 9. d3 Be7 10. e4 dxe4 11. dxe4 Ba6 12. Bf4 Qc8 13. Re1 O-O 14. e5 Nd5 15. Nxd5 cxd5 16. Rc1 Qe8 17. e6 fxe6 18. Rxe6 Qf7 19. Qxd5 Nc5 20. Rxc5 Rad8 21. Ne5 Rxd5 22. Bxd5 Qxf4 23. Rxe7+ Kh8 24. gxf4 bxc5 25. Rxa7 Be2 26. Nf7+ Kg8 27. Ng5+ Kh8 28. Ne6 Rb8 29. Nxc5 h6 30. b3 Rd8 31. Ra8 1-0

[Event "November 21 Late 2023"]
[Site "https://www.chess.com"]
[Date "2023.11.21"]
[Round "5"]
[White "Grischuk, Alexander"]
[Black "Rustemov, Alexander"]
[Result "1-0"]
[Board "8"]
[TimeControl "180+1"]
[WhiteFideId "4126025"]
[BlackFideId "4119002"]
[WhiteElo "2699"]
[BlackElo "2868"]
[WhiteTeam "RUS"]
[BlackTeam "RUS"]
[WhiteClock "0:00:04"]
[BlackClock "0:00:00"]

1. d4 d5 2. c4 c6 3. Nc3 Nf6 4. e3 a6 5. Nf3 b5 6. b3 Bg4 7. a4 b4 8. Ne2 dxc4 9. bxc4 c5 10. Bb2 g6 11. dxc5 Qc8 12. Nf4 Bg7 13. h3 Bf5 14. Nd5 Qxc5 15. Bd4 Qc6 16. Nxb4 Qb7 17. Nd5 Nbd7 18. Be2 e6 19. Nxf6+ Nxf6 20. O-O O-O 21. a5 Ne4 22. Bxg7 Kxg7 23. Qd4+ f6 24. Rfc1 Rab8 25. c5 e5 26. Qc4 Rfc8 27. c6 Qb5 28. g4 Be6 29. Qxb5 axb5 30. a6 b4 31. a7 Ra8 32. Ba6 Nc3 33. Bxc8 Bxc8 34. Rc2 Be6 35. Rb2 Nd5 36. Nd2 Kf7 37. e4 Ne7 38. Rxb4 Nxc6 39. Rb7+ Ke8 40. Rxh7 Bd7 41. Rh8+ Ke7 42. Rxa8 1-0

[Event "November 21 Late 2023"]
[Site "https://www.chess.com"]
[Date "2023.11.21"]
[Round "5"]
[White "Muradli, Mahammad"]
[Black "Taher, Yoseph Theolifus"]
[Result "1-0"]
[Board "9"]
[TimeControl "180+1"]
[WhiteFideId "13409301"]
[BlackFideId "7105347"]
[WhiteElo "2551"]
[BlackElo "2352"]
[WhiteTeam "AZE"]
[BlackTeam "INA"]
[WhiteClock "0:00:07"]
[BlackClock "0:00:37"]

1. g3 c5 2. Bg2 Nc6 3. c4 g6 4. Nc3 Bg7 5. Nf3 d6 6. O-O Bf5 7. e3 Qc8 8. d4 Bh3 9. Re1 Bxg2 10. Kxg2 Nf6 11. d5 Nb8 12. e4 O-O 13. e5 dxe5 14. Nxe5 Re8 15. Qf3 Nbd7 16. Bf4 a6 17. Re2 Nxe5 18. Bxe5 Qg4 19. Rae1 Qxf3+ 20. Kxf3 Kf8 21. Na4 b5 22. Nxc5 bxc4 23. d6 e6 24. d7 Red8 25. Rd1 Nd5 26. Bd6+ Kg8 27. Rxd5 exd5 28. Bc7 Bf6 29. Bxd8 Rxd8 30. Re8+ Kg7 31. Rxd8 Bxd8 32. Nb7 Be7 33. d8=Q 1-0

[Event "November 21 Late 2023"]
[Site "https://www.chess.com"]
[Date "2023.11.21"]
[Round "5"]
[White "Eljanov, Pavel"]
[Black "Deac, Bogdan-Daniel"]
[Result "0-1"]
[Board "10"]
[TimeControl "180+1"]
[WhiteFideId "14102951"]
[BlackFideId "1226380"]
[WhiteElo "2598"]
[BlackElo "2641"]
[WhiteTeam "UKR"]
[BlackTeam "ROU"]
[WhiteClock "0:00:02"]
[BlackClock "0:00:04"]

1. Nf3 d5 2. b3 Nf6 3. e3 g6 4. Bb2 Bg7 5. c4 dxc4 6. Bxc4 O-O 7. O-O c5 8. h3 Nc6 9. Qe2 a6 10. d4 b5 11. Bd3 cxd4 12. Nxd4 Nb4 13. Rd1 Qb6 14. Nc3 Nxd3 15. Rxd3 e5 16. Nc2 Be6 17. Nb4 Qb7 18. e4 Nh5 19. g3 Bxh3 20. Nbd5 Be6 21. Ba3 Rfe8 22. Rad1 Rac8 23. Bb4 Nf6 24. Nxf6+ Bxf6 25. Nd5 Bg7 26. Qf3 h5 27. Re3 Bg4 28. Nf6+ Bxf6 29. Qxf6 Bxd1 30. Rd3 Re6 31. Qg5 Qc7 32. Rxd1 Rce8 33. Rc1 Qd7 34. Bd2 Qd8 35. Qh6 Rd6 36. Bg5 Qd7 37. Kg2 Rc6 38. Rc3 Rd6 39. Rf3 Qg4 40. Bf6 Rxf6 41. Rxf6 Qxe4+ 42. Kh2 Qd5 43. Qg5 Qd7 44. Rxa6 Qd8 45. Qxd8 Rxd8 46. Rb6 Rd5 47. Kg2 Kg7 48. a4 bxa4 49. bxa4 Rd4 50. a5 Ra4 51. a6 e4 52. Rc6 f5 53. Rc7+ Kh6 54. a7 Kg5 55. Rg7 Kf6 56. Rb7 Ra3 57. Kf1 Kg5 58. Rg7 Kf6 59. Rb7 f4 60. gxf4 Kf5 61. Rf7+ Kg4 62. Ke2 h4 63. Rg7 Kxf4 64. Rxg6 Rxa7 65. Rh6 Ra2+ 66. Kf1 Kg4 67. Kg2 e3 68. Re6 Rxf2+ 69. Kg1 Kf3 70. Rh6 Rg2+ 71. Kh1 Rg4 72. Rf6+ Rf4 73. Re6 e2 0-1

[Event "November 21 Late 2023"]
[Site "https://www.chess.com"]
[Date "2023.11.21"]
[Round "5"]
[White "Bortnyk, Mykola"]
[Black "Vasquez Schroeder, Rodrigo"]
[Result "1-0"]
[Board "11"]
[TimeControl "180+1"]
[WhiteFideId "14120836"]
[BlackFideId "3400042"]
[WhiteElo "2592"]
[BlackElo "2582"]
[WhiteTeam "UKR"]
[BlackTeam "CHI"]
[WhiteClock "0:00:07"]
[BlackClock "0:00:05"]

1. e4 c6 2. d4 d5 3. exd5 cxd5 4. c4 Nf6 5. Nc3 e6 6. Nf3 Bb4 7. cxd5 Nxd5 8. Bd2 Nc6 9. Bd3 O-O 10. O-O Be7 11. a3 Nf6 12. Be3 b6 13. Qe2 Bb7 14. Rad1 Rc8 15. Rfe1 Qd6 16. Bb1 Rfd8 17. Bg5 g6 18. Bh4 Nh5 19. Ne4 Qc7 20. Neg5 Bf6 21. Nxe6 fxe6 22. Qxe6+ Qf7 23. Ba2 Qxe6 24. Bxe6+ Kf8 25. Bxc8 Bxc8 26. d5 Na5 27. Bxf6 Nxf6 28. b4 Nc4 29. Rd4 Nd6 30. Rc1 Nf5 31. Rdd1 Bb7 32. Rc7 Bxd5 33. Ng5 Re8 34. h3 h6 35. Nh7+ Nxh7 36. Rxd5 Nf6 37. Rd1 Re7 38. Rd8+ Ne8 39. Rxe7 Kxe7 40. Ra8 b5 41. Rxa7+ Ke6 42. a4 bxa4 43. Rxa4 Nfd6 44. Ra1 Nc7 45. f3 Nd5 46. Re1+ Kd7 47. Rb1 Kc6 48. Kh2 Kb5 49. h4 Nxb4 50. Re1 Nf5 51. h5 Nd3 52. Rb1+ Kc4 53. hxg6 Ne5 54. Rb6 Kd5 55. Rf6 Ne7 56. g7 N5c6 57. Rf8 Ke6 58. g8=Q+ 1-0

[Event "November 21 Late 2023"]
[Site "https://www.chess.com"]
[Date "2023.11.21"]
[Round "5"]
[White "Khismatullin, Denis"]
[Black "Bazeev, German"]
[Result "1/2-1/2"]
[Board "12"]
[TimeControl "180+1"]
[WhiteFideId "4142578"]
[BlackFideId "24119350"]
[WhiteElo "2552"]
[BlackElo "2418"]
[WhiteTeam "RUS"]
[BlackTeam "RUS"]
[WhiteClock "0:01:29"]
[BlackClock "0:00:19"]

1. c4 e5 2. d3 Nf6 3. Nf3 Nc6 4. a3 g6 5. b4 d6 6. Bb2 Bg7 7. Nbd2 O-O 8. e3 a5 9. b5 Ne7 10. Be2 b6 11. O-O Bb7 12. Qc2 Nf5 13. e4 Ne7 14. Rfe1 Nd7 15. d4 f6 16. Rad1 Qe8 17. a4 exd4 18. Nxd4 Nc5 19. Bf3 Rb8 20. N2b3 Qf7 21. Nxc5 dxc5 22. Ne2 Bc8 23. Nf4 Be6 24. Nxe6 Qxe6 25. h3 Rbd8 26. Bg4 Qf7 27. Bd7 Bh6 28. g3 Bg7 29. Rd4 cxd4 30. Bg4 1/2-1/2

[Event "November 21 Late 2023"]
[Site "https://www.chess.com"]
[Date "2023.11.21"]
[Round "5"]
[White "Krzyzanowski, Marcin"]
[Black "Rasulov, Vugar"]
[Result "1-0"]
[Board "13"]
[TimeControl "180+1"]
[WhiteFideId "1132199"]
[BlackFideId "13402390"]
[WhiteElo "2471"]
[BlackElo "2517"]
[WhiteTeam "POL"]
[BlackTeam "AZE"]
[WhiteClock "0:00:05"]
[BlackClock "0:00:00"]

1. e4 c5 2. Nf3 e6 3. d4 cxd4 4. Nxd4 Nc6 5. Nc3 Qc7 6. a3 a6 7. Be3 b5 8. Nxc6 Qxc6 9. h4 Bb7 10. h5 h6 11. Rh3 d6 12. f4 Nf6 13. Bd3 Nd7 14. Qe2 Be7 15. O-O-O Bf6 16. Nxb5 axb5 17. Bxb5 Qxe4 18. Rxd6 O-O 19. Rxd7 Rfb8 20. Bd4 Qxf4+ 21. Qe3 Qxe3+ 22. Rxe3 Bc8 23. Bxf6 Bxd7 24. Bxd7 gxf6 25. Bc6 Ra6 26. Bf3 f5 27. b4 Kg7 28. c4 Kf6 29. c5 e5 30. Be2 Rc6 31. Rc3 Rbc8 32. Bb5 R6c7 33. Ba6 Rb8 34. b5 e4 35. Kb2 f4 36. b6 Re7 37. a4 e3 38. Be2 Rd7 39. a5 Rg8 40. c6 Rd2+ 41. Rc2 Rxg2 42. b7 Rxc2+ 43. Kxc2 Rxe2+ 44. Kc3 f3 45. b8=Q Kf5 46. Qc8+ Kf4 47. Qc7+ Kg4 48. Qxf7 f2 49. c7 Re1 50. c8=Q+ Kg3 51. Qcc7+ Kg2 52. Qc6+ Kf1 53. Qcc4+ e2 54. Qxf2+ Kxf2 55. Qf4+ Kg2 56. Kd2 Ra1 57. Qg4+ Kh1 58. Qh3+ Kg1 59. Kxe2 Ra2+ 60. Kd1 Ra1+ 61. Kc2 Ra2+ 62. Kb1 Rxa5 63. Qg3+ Kh1 64. Qg6 Rb5+ 65. Kc2 Kh2 66. Qxh6 Kh3 67. Qg6 Rc5+ 68. Kd3 Kh4 69. h6 Rd5+ 70. Ke4 1-0

[Event "November 21 Late 2023"]
[Site "https://www.chess.com"]
[Date "2023.11.21"]
[Round "5"]
[White "Krysa, Leandro"]
[Black "Zhigalko, Sergei"]
[Result "1/2-1/2"]
[Board "14"]
[TimeControl "180+1"]
[WhiteFideId "116807"]
[BlackFideId "13502956"]
[WhiteElo "2495"]
[BlackElo "2616"]
[WhiteTeam "ARG"]
[BlackTeam "BLR"]
[WhiteClock "0:00:58"]
[BlackClock "0:00:04"]

1. e4 c5 2. Nf3 Nc6 3. Bb5 Nf6 4. d3 Qa5+ 5. Nc3 Nd4 6. Bc4 b5 7. Bb3 Nxb3 8. cxb3 d6 9. O-O e6 10. d4 b4 11. e5 bxc3 12. exf6 gxf6 13. bxc3 Qxc3 14. Bd2 Qd3 15. dxc5 dxc5 16. Ba5 Ba6 17. Re1 Rg8 18. Qxd3 Bxd3 19. Rad1 Ba6 20. Nd2 f5 21. f3 Be7 22. Nc4 Bxc4 23. bxc4 Rb8 24. Bc3 Rb6 25. Rd3 Rd6 26. Rxd6 Bxd6 27. Rb1 Kd7 28. Rb7+ Kc6 29. Rxf7 Rb8 30. Rxa7 Rb1+ 31. Kf2 Bxh2 32. Rxh7 Rc1 33. Rxh2 Rxc3 34. g4 Rxc4 35. g5 Rc2+ 36. Kg3 Rxh2 37. Kxh2 Kd6 38. Kg2 c4 39. Kf2 e5 40. a4 c3 41. Ke2 f4 42. g6 Ke7 43. g7 Kf7 44. g8=Q+ Kxg8 45. a5 e4 46. a6 exf3+ 47. Kxf3 c2 48. a7 c1=Q 49. a8=Q+ Kf7 50. Qe4 Qe3+ 51. Qxe3 fxe3 52. Kxe3 1/2-1/2

[Event "November 21 Late 2023"]
[Site "https://www.chess.com"]
[Date "2023.11.21"]
[Round "5"]
[White "aghasiyevkamal"]
[Black "mind1mover"]
[Result "0-1"]
[Board "15"]
[TimeControl "180+1"]
[WhiteElo "2584"]
[BlackElo "2876"]
[WhiteClock "0:00:05"]
[BlackClock "0:00:03"]

1. d4 Nc6 2. c4 e5 3. d5 Bb4+ 4. Bd2 Bxd2+ 5. Qxd2 Nce7 6. h4 d6 7. Nc3 f5 8. e4 Nf6 9. Bd3 O-O 10. Nge2 fxe4 11. Nxe4 Nxe4 12. Bxe4 Bf5 13. Qd3 Qd7 14. f3 Bxe4 15. Qxe4 Ng6 16. O-O-O Nf4 17. g3 Nxe2+ 18. Qxe2 Rf7 19. Rd3 Raf8 20. Re3 Rf6 21. Qd3 Qf7 22. Rf1 Qh5 23. b3 a5 24. Kb2 b6 25. Qe4 Qf7 26. Rf2 Qd7 27. f4 Qg4 28. Ref3 a4 29. Qe3 axb3 30. axb3 h6 31. Qe4 R6f7 32. Qe3 exf4 33. Rxf4 Rxf4 34. Rxf4 Rxf4 35. Qxf4 Qxf4 36. gxf4 Kf7 37. Kc3 Kg6 38. b4 Kf5 39. c5 b5 40. Kd4 Kxf4 41. c6 g5 42. hxg5 hxg5 43. Kd3 Kf3 44. Kd4 g4 0-1

[Event "November 21 Late 2023"]
[Site "https://www.chess.com"]
[Date "2023.11.21"]
[Round "5"]
[White "Nazari, Arad"]
[Black "Martinez Alcantara, Jose Eduardo"]
[Result "0-1"]
[Board "16"]
[TimeControl "180+1"]
[WhiteFideId "12577324"]
[BlackFideId "3805662"]
[WhiteElo "2100"]
[BlackElo "2703"]
[WhiteTeam "IRI"]
[BlackTeam "PER"]
[WhiteClock "0:00:00"]
[BlackClock "0:00:35"]

1. e4 c5 2. Nf3 d6 3. d4 cxd4 4. Nxd4 a6 5. Nc3 e6 6. g4 b5 7. Be3 Bb7 8. a3 Ne7 9. Bg2 Nec6 10. Qd2 Nxd4 11. Bxd4 Nc6 12. Be3 Ne5 13. Qe2 Rc8 14. O-O Nc4 15. Bc1 Be7 16. a4 b4 17. Nd1 a5 18. b3 Ne5 19. f4 Nd7 20. Bb2 Qb6+ 21. Qf2 Rxc2 22. Qxb6 Nxb6 23. Bd4 Bf6 24. Bxf6 gxf6 25. Rf2 Rc5 26. Rd2 Ke7 27. e5 Bxg2 28. exd6+ Kd7 29. Kxg2 Nd5 30. Rd4 h5 31. gxh5 Rc2+ 32. Nf2 Rxh5 33. Rad1 Ne3+ 34. Kf3 Nxd1 35. Rxd1 f5 36. Kg3 Rc3+ 37. Rd3 f6 38. h4 e5 39. Kh3 e4 0-1

[Event "November 21 Late 2023"]
[Site "https://www.chess.com"]
[Date "2023.11.21"]
[Round "5"]
[White "Korchmar, Vasiliy"]
[Black "Nihal Sarin"]
[Result "0-1"]
[Board "17"]
[TimeControl "180+1"]
[WhiteFideId "24131750"]
[BlackFideId "25092340"]
[WhiteElo "2372"]
[BlackElo "2689"]
[WhiteTeam "RUS"]
[BlackTeam "IND"]
[WhiteClock "0:00:00"]
[BlackClock "0:02:58"]

1. e4 c5 2. d4 cxd4 3. Qxd4 Nc6 4. Qd3 Nf6 5. Nc3 d6 6. Nf3 g6 7. Be2 Bg7 8. O-O O-O 9. Nd5 Bg4 10. c3 Nd7 11. Rd1 Rc8 12. Bg5 h6 13. Bh4 Bxf3 14. Qxf3 Nce5 15. Qe3 Nc6 16. h3 Re8 17. a4 a6 18. Bg4 Nce5 19. Be2 Nc4 20. Bxc4 Rxc4 21. Qe2 Rc8 22. a5 Ne5 23. Nb6 Rb8 24. f4 Nc6 25. e5 Nxa5 26. Nd5 Nc6 27. e6 Qc8 28. f5 gxf5 29. exf7+ Kxf7 30. Qh5+ Kg8 31. Rf1 Qe6 32. Rxf5 Rf8 33. Rxf8+ Rxf8 34. Re1 Be5 35. Ne3 Kh7 36. Ng4 Rf5 37. Qe8 Qf7 38. Qc8 h5 39. Nxe5 Nxe5 40. Qxb7 Qg6 41. Qxe7+ Rf7 42. Qg5 Qxg5 43. Bxg5 Kg6 44. Bh4 Rb7 45. Bg3 Nc4 46. Re4 Nxb2 47. Re6+ Kf5 48. Rxd6 Ra7 49. Rd5+ Kg6 50. Ra5 Nc4 51. Ra4 Nd2 52. Bf4 Nb1 53. Be3 Nxc3 54. Bxa7 Nxa4 0-1

[Event "November 21 Late 2023"]
[Site "https://www.chess.com"]
[Date "2023.11.21"]
[Round "5"]
[White "Andreikin, Dmitry"]
[Black "Goltsev, Dmitry"]
[Result "1-0"]
[Board "18"]
[TimeControl "180+1"]
[WhiteFideId "4158814"]
[BlackFideId "24176710"]
[WhiteElo "2741"]
[BlackElo "2370"]
[WhiteTeam "FID"]
[BlackTeam "RUS"]
[WhiteClock "0:00:37"]
[BlackClock "0:00:00"]

1. Nc3 Nf6 2. e4 d5 3. e5 d4 4. exf6 dxc3 5. fxg7 cxd2+ 6. Qxd2 Qxd2+ 7. Bxd2 Bxg7 8. O-O-O Nc6 9. Ne2 Bf5 10. Bc3 Bxc3 11. Nxc3 a6 12. g3 Bg4 13. Rd2 Bf3 14. Rg1 O-O 15. Rd3 Ne5 16. Re3 f6 17. Be2 Bxe2 18. Rxe2 Rad8 19. f4 Nc6 20. Ne4 Nd4 21. Re3 b6 22. c3 Nf5 23. Re2 Rd3 24. g4 Nh4 25. Rg3 Rfd8 26. Nf2 Rxg3 27. hxg3 Ng6 28. Kc2 e5 29. f5 Ne7 30. Ne4 Kg7 31. a4 h6 32. b4 Nc8 33. a5 Nd6 34. axb6 cxb6 35. Rd2 Nf7 36. Rxd8 Nxd8 37. c4 Nc6 38. Kc3 b5 39. Nc5 bxc4 40. Kxc4 e4 41. Nxe4 Ne5+ 42. Kd4 Nxg4 43. Nc5 Kf7 44. Nxa6 Ke7 45. Nc5 Kd6 46. b5 h5 47. b6 Kc6 48. b7 Kc7 49. Kd5 Ne3+ 50. Ke6 Nf1 51. Ne4 Kxb7 52. Kxf6 Kc7 53. Ke6 Kd8 54. f6 Ke8 55. f7+ Kf8 56. Nf6 Nxg3 57. Nd7+ 1-0

[Event "November 21 Late 2023"]
[Site "https://www.chess.com"]
[Date "2023.11.21"]
[Round "5"]
[White "Erigaisi Arjun"]
[Black "Djokic, Mihailo"]
[Result "1-0"]
[Board "19"]
[TimeControl "180+1"]
[WhiteFideId "35009192"]
[BlackFideId "976440"]
[WhiteElo "2729"]
[BlackElo "2265"]
[WhiteTeam "IND"]
[BlackTeam "SRB"]
[WhiteClock "0:00:08"]
[BlackClock "0:00:01"]

1. b3 d5 2. Bb2 Nf6 3. e3 Bf5 4. Nf3 h6 5. c4 e6 6. Nc3 Be7 7. d4 O-O 8. Bd3 Bxd3 9. Qxd3 Nbd7 10. g4 Bb4 11. O-O-O Nxg4 12. Qe2 Qf6 13. h3 Bxc3 14. Bxc3 Nxf2 15. Qxf2 c5 16. Kb2 dxc4 17. dxc5 Qe7 18. Rhg1 f6 19. Nh4 Rf7 20. b4 a5 21. a3 Qe8 22. Ra1 b6 23. c6 Ne5 24. Bxe5 fxe5 25. Qg2 e4 26. Qxe4 Rf2+ 27. Kc3 Qe7 28. b5 Rd8 29. Rg6 Rd3+ 30. Kxc4 Qc5+ 31. Kxd3 Qc2+ 32. Kd4 Qb2+ 33. Kc4 Rc2+ 34. Qxc2 Qxc2+ 35. Kd4 Qb2+ 36. Ke4 Qxa1 37. Rxe6 Qb1+ 38. Ke5 Qxb5+ 39. Kd6 Kf7 40. Ng6 Qc5+ 41. Kd7 Qd5+ 42. Rd6 Qf5+ 43. Kd8 Qg5+ 44. Kd7 Qf5+ 45. Kc7 Qb5 46. e4 Qa6 47. Kd7 b5 48. c7 Qb7 49. e5 b4 50. e6+ Kg8 51. e7 Qb5+ 52. Kd8 Qa6 53. e8=Q+ 1-0